 Dungeon Crawl Stone Soup version 0.26-a0-466-g989023bd0d (webtiles) character file.

Game seed: 134086865807722950

579 1player the Skirmisher (level 7, -6/59 HPs)
             Began as a Formicid Abyssal Knight on Aug 5, 2020.
             Was a Believer of Lugonu.
             Mangled by Prince Ribbit (7 damage)
             ... on level 5 of the Dungeon.
             The game lasted 00:11:55 (5443 turns).

1player the Skirmisher (Formicid Abyssal Knight)    Turns: 5443, Time: 00:11:56

Health: -6/59      AC:  3    Str: 18    XL:     7   Next: 63%
Magic:  9/9        EV: 11    Int: 12    God:    Lugonu [**....]
Gold:   201        SH:  0    Dex: 10    Spells: 6/6 levels left

rFire    . . .     SeeInvis +   p - +2 dagger (venom)
rCold    . . .     Faith    .   (no shield)
rNeg     . . .     Spirit   .   b - +0 leather armour
rPois    .         Reflect  .   (helmet unavailable)
rElec    .         Harm     .   (no cloak)
rCorr    .                      (no gloves)
MR       .....                  (no boots)
Stlth    +.........             (no amulet)
HPRegen  0.19/turn              (no ring)
MPRegen  0.11/turn              (no ring)

@: no status effects
A: permanent stasis, dig shafts and tunnels, four strong arms, antennae 3
a: Dig, Shaft Self, Depart the Abyss, Bend Space, Renounce Religion


You were on level 5 of the Dungeon.
You worshipped Lugonu.
Lugonu was pleased with you.
You visited 1 branch of the dungeon, and saw 6 of its levels.
You visited the Abyss 1 time.

You collected 201 gold pieces.

Inventory:

Hand Weapons
 a - a +1 short sword
 p - a +2 dagger of venom (weapon)
 z - a +0 rapier of speed
 B - a cursed -3 dagger
Missiles
 c - 21 poisoned darts (quivered)
 j - 2 javelins
Armour
 b - a +0 leather armour (worn)
 f - a +0 ring mail
 l - a +0 scale mail
Jewellery
 h - a +6 ring of strength {unknown}
Scrolls
 e - 2 scrolls of fog
 o - a scroll of random uselessness {unknown}
 q - a scroll of enchant armour {unknown}
 t - a scroll of amnesia {unknown}
 v - a scroll of immolation {unknown}
 w - a scroll of blinking {unknown}
 y - a scroll of enchant weapon {unknown}
Potions
 d - a potion of heal wounds {@q2}
 k - 3 potions of curing {@q1}
 n - a potion of mutation {!q}
 r - a potion of ambrosia
 x - a potion of degeneration {unknown}
 A - 2 potions of invisibility {unknown}


   Skills:
 + Level 6.6 Fighting
 - Level 2.0 Short Blades
 - Level 4.5 Throwing
 - Level 2.1 Armour
 - Level 1.7 Dodging
 * Level 3.3 Invocations


You had 6 spell levels left.
You didn't know any spells.
Your spell library was empty.

Dungeon Overview and Level Annotations

Branches:
Dungeon (6/15)             Temple (0/1) D:4

Altars:
Sif Muna
Trog
Xom

Annotations:
D:4 Menkaure
D:5 Prince Ribbit


Innate Abilities, Weirdness & Mutations

You cannot be hasted, slowed, berserked, paralysed or teleported.
You can dig through walls and to a lower floor.
Your four strong arms can wield two-handed weapons with a shield.
You have a pair of large antennae on your head. (SInv)


Message History

Prince Ribbit is heavily wounded.
Prince Ribbit hits you.
You hit Prince Ribbit.
Prince Ribbit is heavily wounded.
Prince Ribbit hits you!
Throwing (i - inventory. (/) - cycle)
c - 22 poisoned darts (quivered)
Press: ? - help, Shift-Dir - straight line, f/p - Prince Ribbit
Aim: Prince Ribbit (heavily wounded, extremely poisoned)
You throw a poisoned dart. The poisoned dart hits Prince Ribbit!
Prince Ribbit looks as sick as possible!
Prince Ribbit is heavily wounded.
Prince Ribbit hits you!
* * * LOW HITPOINT WARNING * * *
You hit Prince Ribbit.
Prince Ribbit looks as sick as possible!
Prince Ribbit is heavily wounded.
Prince Ribbit hits you!
* * * LOW HITPOINT WARNING * * *
Prince Ribbit hits you!
You die...

#(#########
#.(((F@...#
###########.#######
.................>#
####(######.#####†#
#### #.# #.# ....
#.# #.# .... #.#
#.# .... #.# #.#
#### ##.#####.#


You could see Prince Ribbit (extremely poisoned).

Vanquished Creatures
  Grinder (D:3)
  An ogre (D:4)
  A howler monkey (D:5)
  A hound (D:5)
  4 worker ants
  6 adders
  2 oozes (D:1)
  2 worms (D:3)
  A dart slug (D:3)
  3 leopard geckos
  3 orcs (D:2)
  5 bats
  A giant cockroach (D:3)
  14 goblins
  7 hobgoblins
  8 jackals
  5 kobolds
  6 rats
71 creatures vanquished.

Notes
Turn   | Place    | Note
-------+----------+-------------------------------------------
     0 | Abyss:1  | 1player the Formicid Abyssal Knight began the quest for the
                  | Orb.
     0 | Abyss:1  | Reached XP level 1. HP: 18/18 MP: 2/2
    44 | Abyss:1  | Noticed a chaos spawn
    46 | D:1      | Escaped the Abyss
   135 | D:1      | Reached skill level 1 in Dodging
   345 | D:1      | Reached XP level 2. HP: 24/24 MP: 3/3
   554 | D:1      | Reached skill level 4 in Fighting
   627 | D:1      | Reached * piety under Lugonu
   634 | D:1      | Reached XP level 3. HP: 30/30 MP: 4/4
  1365 | D:1      | Found a snail-covered altar of Cheibriados.
  1367 | D:1      | Found a sacrificial altar of Ru.
  1367 | D:1      | Found a white marble altar of Elyvilon.
  1451 | D:1      | Found a shimmering altar of Xom.
  1451 | D:1      | Found a shattered altar of Ashenzari.
  1451 | D:1      | Found a bloodstained altar of Trog.
  1532 | D:1      | Reached XP level 4. HP: 21/38 MP: 5/5
  1780 | D:2      | Reached skill level 1 in Throwing
  3393 | D:3      | Reached XP level 5. HP: 43/43 MP: 6/6
  3424 | D:3      | Noticed Grinder
  3541 | D:3      | Reached ** piety under Lugonu
  3663 | D:3      | Killed Grinder
  3663 | D:3      | Reached skill level 5 in Fighting
  3663 | D:3      | Reached XP level 6. HP: 30/52 MP: 7/7
  4274 | D:4      | Noticed an ogre
  4285 | D:4      | Killed an ogre
  4285 | D:4      | Reached skill level 6 in Fighting
  4285 | D:4      | Reached XP level 7. HP: 48/58 MP: 8/8
  4444 | D:4      | Found a shimmering blue altar of Sif Muna.
  4448 | D:4      | Found a bloodstained altar of Trog.
  4453 | D:4      | Found a shimmering altar of Xom.
  4543 | D:4      | Found a staircase to the Ecumenical Temple.
  4558 | D:4      | Noticed Menkaure
  4562 | D:4      | You fall into a shaft and drop 1 floor!
  4562 | D:5      | Entered Level 5 of the Dungeon
  4829 | D:5      | Noticed Prince Ribbit
  4846 | D:5      | You fall into a shaft and drop 1 floor!
  5443 | D:5      | HP: 1/59 [Prince Ribbit (17)]
  5443 | D:5      | Mangled by Prince Ribbit

Illustrated notes

Levels and vault maps discovered:
D:1:      nagdon_arrival_zigzag_paths, layout_basic, minmay_door_square,
          doesnt_xom_only_xom
D:2:      layout_basic
D:3:      layout_basic, uniq_grinder
D:4:      kennysheep_big_flooded_room, layout_basic, minitemple,
          minmay_temple_entry_glass, minmay_misc_feat_secret_circle,
          kennysheep_doodads, uniq_menkaure
D:5:      layout_basic, uniq_prince_ribbit1
D:6:      layout_loops_cross, uniq_sigmund, uniq_edmund

Skill      XL: |  1  2  3  4  5  6  7 |
---------------+----------------------+-----
Dodging        | 1 |  1.7
Fighting       | 4 5 6 |  6.6
Throwing       | 2 4 |  4.5
Invocations    | 3 |  3.3
Short Blades   | |  2.0
Armour         | |  2.1

Action                   |  1- 3 |  4- 6 |  7- 9 || total
-------------------------+-------+-------+-------++-------
Melee: Short sword       |    96 |    69 |       ||   165
       Dagger            |       |    57 |    40 ||    97
Throw: Dart              |       |    22 |    16 ||    38
       Javelin           |       |     2 |       ||     2
Invok: Depart the Abyss  |     1 |       |       ||     1
       Bend Space        |       |       |     2 ||     2
 Abil: Shaft Self        |       |       |     2 ||     2
  Use: Scroll            |       |     7 |       ||     7
       Potion            |       |       |     1 ||     1
Armor: Leather armour    |    25 |    24 |     9 ||    58
Dodge: Dodged            |    68 |    65 |    21 ||   154

Table legend: (Time is in decaauts)
 A = Elapsed time spent in this place.
 B = Non-inter-level travel time spent in this place.
 C = Inter-level travel time spent in this place.
 D = Time resting spent in this place.
 E = Time spent auto-exploring this place.
 F = Levels seen in this place.
 G = Mean time per level.
                   A        B        C        D        E       F      G
               +--------+--------+--------+--------+--------+-----+--------+
         Total |   5430 |   5287 |    143 |   2159 |   1906 |   7 |  775.7 |
       Dungeon |   5382 |   5239 |    143 |   2159 |   1906 |   6 |  897.0 |
         Abyss |     47 |     47 |      0 |      0 |      0 |   1 |   47.0 |
               +--------+--------+--------+--------+--------+-----+--------+

Top non-repeatable levels by time:
     D:1: 1853 daAuts
     D:2: 1193 daAuts
     D:3: 1138 daAuts
     D:5: 474 daAuts
     D:6: 400 daAuts
     D:4: 322 daAuts
 Abyss:1: 47 daAuts
